 Dungeon Crawl Stone Soup version 0.27-a0-457-gba82baf56e (webtiles) character file.

Game seed: 11570667864867368322

1761 Nattfarinn the Conjurer (level 8, -3/52 HPs)
             Began as a Demonspawn Fire Elementalist on Feb 28, 2021.
             Was an Initiate of Vehumet.
             Slain by Harold
             ... wielding a +0 trident
              (25 damage)
             ... on level 7 of the Dungeon.
             The game lasted 00:19:32 (10671 turns).

Nattfarinn the Conjurer (DsFE)                     Turns: 10671, Time: 00:19:32

Health: -3/52      AC:  5    Str:  8    XL:     8   Next: 79%
Magic:  5/18       EV:  6    Int: 19    God:    Vehumet [......]
Gold:   252        SH:  0    Dex: 14    Spells: 15/20 levels left

rFire    . . .     SeeInvis +   i - +0 mace (protect)
rCold    . . .     Faith    .   (no shield)
rNeg     . . .     Spirit   .   a - +0 robe
rPois    .         Reflect  .   (no helmet)
rElec    .         Harm     .   (no cloak)
rCorr    .         Rampage  .   k - +0 pair of gloves
Will     +....                  x - +1 pair of boots
Stlth    ++........             (no amulet)
HPRegen  0.17/turn              s - ring of see invisible
MPRegen  0.16/turn              B - ring of willpower

@: held
A: hooves 1, powered by death 1
a: Renounce Religion


You were on level 7 of the Dungeon.
You worshipped Vehumet.
Vehumet was noncommittal.
You visited 2 branches of the dungeon, and saw 8 of its levels.

You collected 291 gold pieces.
You spent 39 gold pieces at shops.

Inventory:

Hand Weapons
 i - a +0 mace of protection (weapon)
Armour
 a - a +0 robe (worn)
 k - a +0 pair of gloves (worn)
 x - a +1 pair of boots (worn)
Jewellery
 q - an amulet of faith
 s - a ring of see invisible (left hand)
 B - a ring of willpower (right hand)
 C - a ring of protection from fire
Wands
 r - a wand of paralysis (6)
 y - a wand of flame (11)
Scrolls
 b - 5 scrolls of teleportation {unknown}
 d - 2 scrolls of amnesia {unknown}
 e - 5 scrolls of identify
 g - 6 scrolls of enchant armour
 h - a scroll of enchant weapon {unknown}
 j - a scroll of fear
 l - a scroll of noise {unknown}
 m - a scroll of fog {unknown}
 o - 3 scrolls of blinking {unknown}
 p - a scroll of magic mapping {unknown}
Potions
 c - 2 potions of flight {unknown}
 f - 5 potions of heal wounds {unknown}
 n - 3 potions of curing
 t - a potion of curing
 u - a potion of might {unknown}
 v - a potion of invisibility {unknown}
 w - a potion of haste
 z - 2 potions of lignification {unknown}
 A - a potion of berserk rage {unknown}
 D - 2 potions of attraction {unknown}


   Skills:
 - Level 1.7 Dodging
 - Level 1.7 Stealth
 - Level 6.9 Spellcasting
 - Level 7.3 Conjurations
 * Level 5.1 Fire Magic


You had 15 spell levels left.
You knew the following spells:

 Your Spells              Type           Power        Failure   Level
a - Foxfire               Conj/Fire      100%         1%          1
b - Sticky Flame          Conj/Fire      30%          8%          4

Your spell library contained the following spells:

 Spells                   Type           Power        Failure   Level
 Conjure Flame            Conj/Fire      30%          2%          3
 Beastly Appendage        Tmut           12%          11%         1
 Summon Small Mammal      Summ           24%          11%         1
 Inner Flame              Hex/Fire       16%          11%         3
 Call Imp                 Summ           6%           16%         2
 Wereblood                Tmut           6%           16%         2
 Fireball                 Conj/Fire      15%          22%         5
 Call Canine Familiar     Summ           6%           30%         3
 Spider Form              Tmut/Pois      3%           30%         3
 Summon Guardian Golem    Hex/Summ       6%           30%         3
 Ice Form                 Ice/Tmut       6%           71%         4
 Summon Ice Beast         Ice/Summ       6%           71%         4
 Summon Lightning Spire   Summ/Air       6%           71%         4
 Blade Hands              Tmut           3%           96%         5


Dungeon Overview and Level Annotations

Branches:
Dungeon (7/15)             Temple (1/1) D:6

Altars:
Ashenzari
Cheibriados
Dithmenos
Fedhas
Gozag
Hepliaklqana
Makhleb
Ru
Uskayaw
Vehumet
Xom
Yredelemnul
Zin

Shops:
D:4 *

Annotations:
D:7 Harold


Innate Abilities, Weirdness & Mutations

You have large cloven feet.
You regenerate a little health from kills.


Message History

Harold hits you with a +0 trident.
Casting: Sticky Flame (dangerous; 8% risk of failure)
Confirm with . or Enter, or press ? or * to list all spells.
Aiming: Sticky Flame (dangerous; 8% risk of failure)
Press: ? - help, Shift-Dir - straight line, f/p - Harold
Aim: Harold, wielding a +0 trident, wearing a +0 scale mail and quivering 5 throwing nets (lightly wounded, covered in liquid flames, 0% to evade)
The sticky flame hits Harold.
Harold is lightly wounded.
Harold is covered in liquid flames!
Harold burns!
Harold hits you with a +0 trident!
Harold burns!
Harold burns!
Harold throws a throwing net.
The throwing net barely misses you.
Harold burns!
Harold burns!
A leopard gecko comes into view.
Harold burns!
Your magical contamination has completely faded away.
Harold burns!
Harold throws a throwing net.
The throwing net hits you.
You become entangled in the net!
You see here a throwing net.
Casting: Sticky Flame (dangerous; 8% risk of failure)
Confirm with . or Enter, or press ? or * to list all spells.
You don't know that spell.
Unknown command.
Okay, then.
Aiming: Paralyse
Press: ? - help, Shift-Dir - straight line, f/p - Harold
Aim: Harold, wielding a +0 trident, wearing a +0 scale mail and quivering 3 throwing nets (heavily wounded, covered in liquid flames, chance to affect: 15%)
Okay, then.
Aiming: Throw Flame
Press: ? - help, Shift-Dir - straight line, f/p - Harold
Aim: Harold, wielding a +0 trident, wearing a +0 scale mail and quivering 3 throwing nets (heavily wounded, covered in liquid flames, 13% to evade)
The puff of flame hits Harold.
Harold is heavily wounded.
Harold burns!
Casting: Sticky Flame (dangerous; 8% risk of failure)
Confirm with . or Enter, or press ? or * to list all spells.
You conjure some foxfire!
Harold burns!
The leopard gecko bites you.
Harold hits you from afar with a +0 trident!!
You die...

.######..# ##..####..#
#.## #..# ##.. ##.# #..#
##. #..# #..# ##. ...
##.## #..# #.. #...##..#
##..# ##.. #...).@##
#..... ##...
##..(...###....###..#....
#..##..@v..# #...... #..
##vl.### #..###. ...
#...## #.# ## .... .....#
#@. # ### ....... #.
##......# #. ........ .
#..##...# .@


You could see Harold (burning) and a leopard gecko (ally target).

Vanquished Creatures
  2 black bears
  An ogre (D:6)
  5 centaurs
  4 bullfrogs
  A wyvern zombie (D:6)
  A wyvern skeleton (D:4)
  A scorpion (D:4)
  A howler monkey (D:6)
  2 bullfrog zombies (D:6)
  An orc priest (D:6)
  3 hounds
  A jelly (D:5)
  A gnoll shaman (D:4)
  2 bullfrog skeletons
  An iguana (D:4)
  An orc wizard (D:4)
  A worker ant (D:6)
  4 gnolls
  12 adders
  A shadow imp (D:7)
  An ufetubus (D:6)
  An ooze (D:3)
  An adder skeleton (D:6)
  3 worms
  2 dart slugs
  8 leopard geckos
  12 orcs
  12 bats
  4 giant cockroaches
  6 goblins
  6 hobgoblins
  10 jackals
  7 kobolds
  4 quokkas
  2 ball pythons
  4 frilled lizards
  6 rats
135 creatures vanquished.

Vanquished Creatures (others)
  An orc (D:4)
  A jackal (D:4)
  643 foxfires
645 creatures vanquished.

Grand Total: 780 creatures vanquished

Notes
Turn   | Place    | Note
-------+----------+-------------------------------------------
     0 | D:1      | Nattfarinn the Demonspawn Fire Elementalist began the quest
                  | for the Orb.
     0 | D:1      | Reached XP level 1. HP: 13/13 MP: 3/3
   299 | D:1      | Gained mutation: You regenerate a little health from kills.
                  | [demonic ancestry]
   299 | D:1      | Reached XP level 2. HP: 19/19 MP: 3/5
   692 | D:1      | Reached skill level 2 in Conjurations
   799 | D:1      | Gained mutation: You have large cloven feet. [demonic
                  | ancestry]
   799 | D:1      | Reached XP level 3. HP: 24/24 MP: 0/7
  1902 | D:2      | Reached XP level 4. HP: 30/30 MP: 5/8
  2285 | D:2      | Reached skill level 3 in Conjurations
  3192 | D:3      | Found a glowing silver altar of Zin.
  3192 | D:3      | Noticed an angel
  4969 | D:3      | Reached XP level 5. HP: 29/30 MP: 5/10
  5770 | D:4      | Reached skill level 4 in Conjurations
  6075 | D:4      | Reached XP level 6. HP: 25/41 MP: 6/12
  7014 | D:4      | Found Ossoad's General Store.
  7046 | D:4      | Bought a potion of curing for 39 gold pieces
  7215 | D:4      | Reached skill level 5 in Conjurations
  7387 | D:4      | Reached skill level 5 in Spellcasting
  7616 | D:5      | Entered Level 5 of the Dungeon
  7760 | D:5      | Found a sacrificial altar of Ru.
  8038 | D:5      | Reached XP level 7. HP: 46/46 MP: 9/14
  8767 | D:6      | Reached skill level 6 in Conjurations
  9046 | D:6      | Reached XP level 8. HP: 52/52 MP: 10/17
  9074 | D:6      | Reached skill level 7 in Conjurations
  9648 | D:6      | Learned a level 4 spell: Sticky Flame
  9762 | D:6      | Found a staircase to the Ecumenical Temple.
  9772 | Temple   | Entered the Ecumenical Temple
  9809 | Temple   | Became a worshipper of Vehumet
  9898 | D:6      | Found a burning altar of Makhleb.
 10258 | D:7      | Noticed Harold
 10273 | D:7      | Reached skill level 5 in Fire Magic
 10273 | D:7      | HP: 1/52 [Harold/+0 trident (4)]
 10671 | D:7      | Slain by Harold

Illustrated notes

Levels and vault maps discovered:
D:1:      erik_arrival_cave_to_civilisation [erik_arrival_cave_to_hall],
          layout_basic
D:2:      layout_basic
D:3:      layout_loops_corners, zin_angel
D:4:      layout_loops_ring, serial_shops, nicolae_shop_waterfront,
          lemuel_old_faithful
D:5:      layout_basic, hangedman_ru_absence
D:6:      layout_loops_ring, kennysheep_mini,
          minmay_temple_entry_enclosed_plants
D:7:      layout_layer_cave, minmay_bent, uniq_prince_ribbit1, uniq_harold
Temple:   regret_index_temple_mists

Skill      XL: |  1  2  3  4  5  6  7  8 |
---------------+-------------------------+-----
Conjurations   | 2 3 4 5 6 7 |  7.3
Spellcasting   | 3 4 5 6 |  6.9
Fire Magic     | 5 |  5.1
Dodging        | |  1.7
Stealth        | |  1.7

Action                   |  1- 3 |  4- 6 |  7- 9 || total
-------------------------+-------+-------+-------++-------
Melee: Unarmed           |    14 |     1 |       ||    15
       Mace              |       |    19 |    31 ||    50
       Kick              |       |     5 |       ||     5
 Cast: Foxfire           |    80 |   213 |   153 ||   446
       Sticky Flame      |       |       |     4 ||     4
Evoke: Wand              |       |       |     1 ||     1
  Use: Scroll            |       |       |     2 ||     2
 Stab: Sleeping          |     1 |       |       ||     1
Armor: Robe              |     5 |    12 |    31 ||    48
Dodge: Dodged            |    24 |    62 |    68 ||   154

Table legend: (Time is in decaauts)
 A = Elapsed time spent in this place.
 B = Non-inter-level travel time spent in this place.
 C = Inter-level travel time spent in this place.
 D = Time resting spent in this place.
 E = Time spent auto-exploring this place.
 F = Levels seen in this place.
 G = Mean time per level.
                   A        B        C        D        E       F      G
               +--------+--------+--------+--------+--------+-----+--------+
         Total |  10711 |  10007 |    704 |   2939 |   5802 |   8 | 1338.9 |
       Dungeon |  10643 |   9966 |    677 |   2939 |   5763 |   7 | 1520.4 |
        Temple |     67 |     41 |     26 |      0 |     39 |   1 |   67.0 |
               +--------+--------+--------+--------+--------+-----+--------+

Top non-repeatable levels by time:
     D:3: 2204 daAuts
     D:6: 1990 daAuts
     D:2: 1959 daAuts
     D:4: 1743 daAuts
     D:1: 1720 daAuts
     D:5: 561 daAuts
     D:7: 464 daAuts
  Temple: 67 daAuts
